 Dungeon Crawl Stone Soup version 0.21.1-1-g345015f (webtiles) character file.

465 Lovchig the Chopper (level 6, -4/56 HPs)
             Began as a Deep Dwarf Fighter on Feb 8, 2018.
             Slain by an ogre
             ... wielding a +0 giant spiked club
              (29 damage)
             ... on level 4 of the Dungeon.
             The game lasted 00:07:38 (2220 turns).

Lovchig the Chopper (Deep Dwarf Fighter)            Turns: 2220, Time: 00:07:39

Health: -4/56      AC:  7    Str: 22    XL:     6   Next: 80%
Magic:  14/14      EV:  9    Int:  8    God:
Gold:   135        SH: 10    Dex: 17    Spells: 5/5 levels left

rFire    . . .     SeeInvis .   a - +0 war axe
rCold    . . .     Gourm    .   c - +0 shield
rNeg     . . .     Faith    .   b - +0 scale mail
rPois    .         Spirit   .   (no helmet)
rElec    .         Reflect  .   (no cloak)
rCorr    .         Harm     .   (no gloves)
MR       .....                  (no boots)
Stlth    ..........             o - amulet of magic regeneration
HPRegen  0.00/turn              h - +5 ring of dexterity
MPRegen  0.39/turn              q - ring of magical power

@: lethally poisoned (-4 -> -4), non-regenerating
A: damage resistance, heal wounds, sense surroundings 1, no regeneration
a: Heal Wounds


You were on level 4 of the Dungeon.
You were not hungry.

You visited 1 branch of the dungeon, and saw 4 of its levels.

You collected 135 gold pieces.

Inventory:

Hand Weapons
 a - a +0 war axe (weapon)
Armour
 b - a +0 scale mail (worn)
 c - a +0 shield (worn)
Jewellery
 h - a +5 ring of dexterity (left hand)
 o - an amulet of magic regeneration (around neck)
 q - a ring of magical power (right hand)
Scrolls
 i - a scroll of fog
 k - a scroll of fear
 s - a scroll of teleportation
Potions
 d - 3 potions of might
 e - a potion of invisibility
 g - a potion of heal wounds {unknown}
 l - 2 potions of curing {unknown}
 m - 2 potions of flight {unknown}
 p - a potion of cancellation {unknown}
Comestibles
 f - 8 rations
 j - 5 chunks of flesh


   Skills:
 * Level 3.6 Fighting
 * Level 5.2 Axes
 * Level 4.3 Armour
 * Level 2.2 Dodging
 * Level 5.0 Shields


You had 5 spell levels left.
You didn't know any spells.

Dungeon Overview and Level Annotations

Branches:
Dungeon (4/15)
 Temple: D:4-7

Altars:
Yredelemnul


Innate Abilities, Weirdness & Mutations

You are resistant to damage.
You can heal yourself by infusing magical energy.
You passively map a small area around you.
You do not regenerate.


Message History

You hit the ogre.
The ogre is lightly wounded.
The ogre misses you.
You hit the ogre but do no damage.
The ogre is lightly wounded.
The ogre barely misses you.
You hit the ogre.
The ogre is moderately wounded.
The ogre hits you with a giant spiked club.
You hit the ogre but do no damage.
The ogre is moderately wounded.
The ogre closely misses you.
You hit the ogre.
The ogre is moderately wounded.
You block the ogre's attack.
You hit the ogre.
The ogre is heavily wounded.
The ogre hits you with a giant spiked club!!
Ouch! That really hurt!
You die...

, , ####### * * *
#.....# * * #.....# *
* , #.....# * , *, ,
**#.....# ,, , #.....#
* * .#.....###
...########.#<......#
......O@>.#.#######.#
*...##.###.#.#######.#
#, #.#.##......# *
#.#.##....### ,
#...##....# * * ,* *
##..##...(# ,
#..##....# ,,
##.##....# , *
#(......# *


You could see an ogre.

Vanquished Creatures
  The ghost of Monsterracer the Chiller, an amateur GnIE of Uskayaw (D:3)
  The ghost of tidbits the Digger, an amateur GnEE (D:4)
  A hound (D:4)
  4 gnolls (D:3)
  4 adders
  An ooze (D:2)
  4 worms
  3 leopard geckos
  3 orcs (D:3)
  2 ball pythons
  6 giant cockroaches
  7 hobgoblins
  2 jackals (D:3)
  9 kobolds
  A quokka (D:2)
  11 bats
  4 frilled lizards
  10 goblins
  8 rats
82 creatures vanquished.

Notes
Turn   | Place    | Note
-------+----------+-------------------------------------------
     0 | D:1      | Lovchig the Deep Dwarf Fighter began the quest for the Orb.
     0 | D:1      | Reached XP level 1. HP: 20/20 MP: 1/1
   128 | D:1      | Reached XP level 2. HP: 22/27 MP: 2/2
   809 | D:2      | Reached XP level 3. HP: 25/33 MP: 3/3
  1081 | D:2      | Found a runed door.
  1081 | D:2      | Noticed a human
  1092 | D:2      | Found a basalt altar of Yredelemnul.
  1138 | D:2      | Reached skill level 1 in Dodging
  1571 | D:3      | Reached XP level 4. HP: 27/42 MP: 4/4
  1593 | D:3      | Noticed Monsterracer's ghost (amateur GnIE)
  1620 | D:3      | Killed Monsterracer's ghost
  1620 | D:3      | Reached XP level 5. HP: 36/49 MP: 4/4
  1622 | D:3      | Reached XP level 6. HP: 42/56 MP: 5/5
  1765 | D:3      | Found a basalt altar of Yredelemnul.
  2191 | D:4      | Noticed tidbits's ghost (amateur GnEE)
  2208 | D:4      | Killed tidbits's ghost
  2208 | D:4      | Reached skill level 5 in Axes
  2214 | D:4      | Reached skill level 5 in Shields
  2220 | D:4      | Slain by an ogre

Skill      XL: |  1  2  3  4  5  6 |
---------------+-------------------+-----
Fighting       | 3 |  3.6
Dodging        | 1 2 |  2.2
Axes           | 3 4 5 |  5.2
Shields        | 4 5 |  5.0
Armour         | 4 |  4.3

Action                   |  1- 3 |  4- 6 || total
-------------------------+-------+-------++-------
Melee: War axe           |   149 |   134 ||   283
 Abil: Heal Wounds       |       |     7 ||     7
  Use: Scroll            |     6 |     2 ||     8
       Potion            |       |     1 ||     1
  Eat: Chunk             |     2 |     3 ||     5
Armor: Scale mail        |    69 |    42 ||   111
Dodge: Dodged            |    58 |    47 ||   105
Block: Shield            |   105 |    71 ||   176
